 Dungeon Crawl Stone Soup version 0.29.1-1-gd02db6906a (webtiles) character file.

Game seed: 1478788880349923241

770 safid the Marksminotaur (level 7, -1/57 HPs)
             Began as a Minotaur Hunter on Oct 18, 2022.
             Slain by Dowan
             ... wielding a +0 dagger
              (5 damage)
             ... on level 4 of the Dungeon.
             The game lasted 00:04:13 (2228 turns).

safid the Marksminotaur (Minotaur Hunter)           Turns: 2228, Time: 00:04:13

Health: -1/57      AC:  3    Str: 16    XL:     7   Next: 52%
Magic:  6/6        EV: 12    Int:  6    God:
Gold:   165        SH:  0    Dex: 15    Spells: 6/6 levels left

rFire   . . .      SeeInvis .   a - +0 shortbow
rCold   . . .      Faith    .   (shield currently unavailable)
rNeg    . . .      Spirit   .   c - +0 leather armour
rPois   .          Reflect  .   (helmet restricted)
rElec   .          Harm     .   (no cloak)
rCorr   .          Rampage  .   (no gloves)
Will    .....                   (no boots)
Stlth   +.........              (no amulet)
HPRegen 0.19/turn               (no ring)
MPRegen 0.10/turn               (no ring)

@: no status effects
A: horns 2, retaliatory headbutt
a: no special abilities


You were on level 4 of the Dungeon.
You visited 1 branch of the dungeon, and saw 5 of its levels.

You collected 165 gold pieces.

Inventory:

Hand Weapons
 a - a +0 shortbow (weapon)
Armour
 c - a +0 leather armour (worn)
Jewellery
 l - an amulet of magic regeneration
 p - a ring of ice
Wands
 s - a wand of iceblast (9)
Scrolls
 b - a scroll of immolation
 e - a scroll of vulnerability {unknown}
 i - a scroll of torment {unknown}
 k - a scroll of acquirement {unknown}
 m - a scroll of enchant weapon {unknown}
 n - a scroll of noise {unknown}
 o - a scroll of identify {unknown}
 r - 2 scrolls of enchant armour {unknown}
Potions
 d - a potion of might {unknown}
 f - a potion of cancellation {unknown}
 h - 2 potions of curing
 q - a potion of mutation {unknown}


   Skills:
 - Level 3.0 Fighting
 + Level 15.6 Ranged Weapons
 - Level 2.1 Dodging
 - Level 0.7 Stealth


You had 6 spell levels left.
You didn't know any spells.
Your spell library was empty.

Dungeon Overview and Level Annotations

Branches:
Dungeon (5/15)
 Temple: D:4-7

Altars:
Kikubaaqudgha

Annotations:
D:3 Grinder
D:4 Dowan, Duvessa


Innate Abilities, Weirdness & Mutations

You have a pair of horns on your head.
You reflexively headbutt those who attack you in melee.


Message History

It was a potion of heal wounds.
You feel much better. Duvessa hits you with a +0 rapier!
Dowan hits you with a +0 dagger.
Fire: a) +0 shortbow
Press: ? - help, Q - select action, (/) - cycle Shift-Dir - straight line, f/p - Duvessa
Aim: Duvessa, wielding a +0 rapier and wearing a +0 chain mail of willpower (severely wounded, 74% to hit)
You shoot an arrow. The arrow barely misses Duvessa.
Duvessa hits you with a +0 rapier. Dowan barely misses you.
Unknown command.
Fire: a) +0 shortbow
Press: ? - help, Q - select action, (/) - cycle Shift-Dir - straight line, f/p - Duvessa
Aim: Duvessa, wielding a +0 rapier and wearing a +0 chain mail of willpower (severely wounded, 74% to hit)
You shoot an arrow. The arrow barely misses Duvessa.
Duvessa says, "Practise, practise, practise!
One day you'll be as good as me." Duvessa hits you with a +0 rapier!
* * * LOW HITPOINT WARNING * * *
Dowan hits you but does no damage.
Unknown command.
You feel much better. Duvessa hits you with a +0 rapier!
Dowan barely misses you.
Fire: a) +0 shortbow
Press: ? - help, Q - select action, (/) - cycle Shift-Dir - straight line, f/p - Duvessa
Aim: Duvessa, wielding a +0 rapier and wearing a +0 chain mail of willpower (severely wounded, 74% to hit)
You shoot an arrow. The arrow barely misses Duvessa.
Duvessa hits you with a +0 rapier. Dowan hits you with a +0 dagger.
* * * LOW HITPOINT WARNING * * *
Fire: a) +0 shortbow
Press: ? - help, Q - select action, (/) - cycle Shift-Dir - straight line, f/p - Duvessa
Aim: Duvessa, wielding a +0 rapier and wearing a +0 chain mail of willpower (severely wounded, 74% to hit)
You shoot an arrow. The arrow completely misses Duvessa.
Duvessa hits you with a +0 rapier.
* * * LOW HITPOINT WARNING * * *
Dowan casts a spell at you. The puff of frost hits you.
* * * LOW HITPOINT WARNING * * *
It was a potion of experience.
You feel more experienced!
Your Ranged Weapons skill gained 7 levels and is now at level 15!
You have reached level 7!
Dowan hits you with a +0 dagger.
You die...

....
...
..#
..#
#.#
#.#
#)#
#e#
#@#
#e#
#.#
#..
#$.
####


You could see Duvessa and Dowan.

Vanquished Creatures
  Sigmund (D:2)
  A scorpion (D:4)
  A hound (D:5)
  An orc priest (D:3)
  Robin (D:3)
  4 adders
  A dart slug (D:2)
  3 orcs (D:3)
  5 ball pythons
  6 bats
  4 endoplasms
  4 giant cockroaches (D:1)
  15 goblins
  5 hobgoblins
  5 quokkas
  2 frilled lizards
  8 kobolds
  4 rats
71 creatures vanquished.

Notes
Turn   | Place    | Note
-------+----------+-------------------------------------------
     0 | D:1      | safid the Minotaur Hunter began the quest for the Orb.
     0 | D:1      | Reached XP level 1. HP: 18/18 MP: 0/0
    71 | D:1      | Reached XP level 2. HP: 25/25 MP: 1/1
   372 | D:1      | Reached skill level 5 in Ranged Weapons
   453 | D:1      | Reached XP level 3. HP: 31/31 MP: 2/2
   656 | D:2      | Found an ancient bone altar of Kikubaaqudgha.
   784 | D:2      | Noticed Sigmund
   790 | D:2      | Killed Sigmund
   791 | D:2      | Reached skill level 7 in Ranged Weapons
   791 | D:2      | Reached XP level 4. HP: 35/38 MP: 3/3
   791 | D:2      | Reached XP level 5. HP: 42/45 MP: 4/4
   939 | D:2      | Found a faded altar of an unknown god.
  1674 | D:3      | Reached XP level 6. HP: 51/51 MP: 5/5
  1839 | D:3      | Noticed Grinder
  1858 | D:3      | Reached skill level 8 in Ranged Weapons
  1863 | D:3      | Noticed Robin
  1870 | D:3      | Killed Robin
  2124 | D:3      | You fall into a shaft and drop 2 floors!
  2124 | D:5      | Entered Level 5 of the Dungeon
  2206 | D:4      | Noticed Duvessa
  2211 | D:4      | Noticed Dowan
  2228 | D:4      | Reached skill level 15 in Ranged Weapons
  2228 | D:4      | Reached XP level 7. HP: 4/57 MP: 6/6
  2228 | D:4      | Slain by Dowan

Illustrated notes

Levels and vault maps discovered:
D:1:      lightli_arrival_statue_moat, layout_rooms
D:2:      layout_basic, basic_altar, shapermc_ecumenical_altar_hornbeckon,
          minivault_5, hangedman_abyss_or_decor_stabs, uniq_sigmund
D:3:      wander_river, layout_loops_cross, uniq_grinder, uniq_robin
D:4:      layout_basic, mainiacjoe_overflow_paths, gammafunk_ghost_mausoleum,
          uniq_ijyb, uniq_duvessa, uniq_eustachio
D:5:      layout_basic, uniq_blork_the_orc

Skill      XL: |  1  2  3  4  5  6 |
---------------+-------------------+-----
Fighting       | 3 |  3.0
Ranged Weapons | 5 7 15 | 15.6
Dodging        | |  2.1
Stealth        | |  0.7

Action                   |  1- 3 |  4- 6 |  7- 9 || total
-------------------------+-------+-------+-------++-------
 Fire: Shortbow          |    91 |   119 |       ||   210
  Use: Potion            |       |     4 |       ||     4
Armor: Leather armour    |     9 |    20 |       ||    29
Dodge: Dodged            |    17 |    59 |       ||    76
